 Dungeon Crawl Stone Soup version 0.29-a0-284-gf9362112df (webtiles) character file.

Game seed: 15587859177586976224

82307 ders the Eclecticist (level 16, -1/90 HPs)
             Began as a Djinni Conjurer on Mar 29, 2022.
             Was the Champion of Ru.
             Shot with an arrow by a centaur warrior (13 damage)
             ... on level 14 of the Dungeon.
             The game lasted 00:59:03 (23351 turns).

ders the Eclecticist (Djinni Conjurer)             Turns: 23351, Time: 00:59:03

Health: -1/90      AC: 18    Str: 12    XL:     16   Next: 20%
Gold:   2568       EV:  8    Int: 28    God:    Ru [******] SH:  0 Dex: 12

rFire   + . .      SeeInvis .   o - +3 morningstar (vamp)
rCold   + . .      Faith    .   (no shield)
rNeg    + . .      Spirit   .   B - +3 ice dragon scales
rPois   ∞          Reflect  .   f - +2 helmet
rElec   +          Harm     .   k - +2 cloak
rCorr   .          Rampage  .   (no gloves)
Will    .....                   (boots unavailable)
Stlth   +.........              E - amulet "Ejinkus" {Acrobat rElec Regen+ Stlth+}
HPRegen 1.05/turn               G - ring of positive energy
MPRegen 0.00/turn               r - +6 ring of strength

@: exhausted, spiked, flying, slowed, studying Slings, very slow
A: sickness immunity, fire resistance 2, cold vulnerability 1, inability to use
devices, hated by all, inability to train armour, weak-willed 1, unskilled 1,
float, innate caster, HP casting, extra vitality 1
a: Renounce Religion, Draw Out Power, Power Leap, Apocalypse


You were on level 14 of the Dungeon.
You worshipped Ru.
Ru was exalted by your worship.
You visited 3 branches of the dungeon, and saw 21 of its levels.
You also visited: Ice Cave.

You collected 2660 gold pieces.
You spent 92 gold pieces at shops.

Inventory:

Hand Weapons
 i - the +1 hunting sling of the Sugar Beet {freeze, rC+}
   (You found it on level 3 of the Dungeon)

   Any ammunition fired from it freezes those it strikes, dealing additional
   cold damage.
   It can also slow down cold-blooded creatures.
   rC:        It protects you from cold.
 o - a +3 vampiric morningstar (weapon)
 q - a +2 demon trident of freezing
 y - the +2 broad axe of the Inferno {drain, Contam rN++ Dex+3}
   (You found it in an ice cave)

   A truly terrible weapon, it drains the life of any living foe it strikes.
   Dex:       It affects your dexterity (+3).
   rN:        It greatly protects you from negative energy.
   Contam:    It causes magical contamination when unequipped.
Missiles
 H - a throwing net
Armour
 f - a +2 helmet (worn)
 k - a +2 cloak (worn)
 t - +0 acid dragon scales
 B - +3 ice dragon scales (worn)
 F - +0 fire dragon scales
Jewellery
 g - a ring of fire
 h - an amulet of reflection
 m - an amulet of regeneration
 r - a +6 ring of strength (right hand)
 E - the amulet "Ejinkus" (around neck) {Acrobat rElec Regen+ Stlth+}
   (You acquired it on level 6 of the Lair of Beasts)

   [amulet of the acrobat]

   It increases your evasion while moving and waiting.
   rElec:     It insulates you from electricity.
   Regen:     It increases your rate of health regeneration.
   Stlth:     It makes you more stealthy.
 G - a ring of positive energy (left hand)
Scrolls
 a - 19 scrolls of identify
 n - 2 scrolls of enchant armour
 u - 8 scrolls of teleportation
 v - 3 scrolls of fog
 x - 3 scrolls of silence
 A - a scroll of fear
 C - a scroll of noise {unknown}
 I - a scroll of blinking
 J - a scroll of enchant weapon
Potions
 b - 2 potions of magic
 c - 9 potions of curing
 d - 2 potions of brilliance
 e - 4 potions of haste
 j - a potion of flight
 l - 3 potions of mutation
 p - a potion of resistance
 s - a potion of heal wounds
 w - 2 potions of lignification
 z - a potion of invisibility
 D - a potion of cancellation {unknown}


   Skills:
 - Level 2.0 Dodging
 - Level 1.4 Stealth
 + Level 19.4 Spellcasting


You had 15 spell levels left.
You knew the following spells:

 Your Spells              Type           Power      Damage    Failure   Level
a - Airstrike             Air            47%        N/A       1%          4
b - Searing Ray           Conj           100%       2d8       0%          2
c - Dazzling Flash        Conj/Hex       100%       N/A       0%          3
d - Fulminant Prism       Conj/Hex       47%        3d21      1%          4
e - Iskenderun's Mystic   Conj/Tloc      94%        2d18      1%          4
f - Shock                 Conj/Air       100%       1d9       0%          1
g - Corpse Rot            Necr/Air       100%       N/A       0%          2
h - Static Discharge      Conj/Air       94%        N/A       0%          2
i - Sticky Flame          Conj/Fire      94%        2d10      1%          4
j - Magic Dart            Conj           100%       1d8       0%          1
k - Silence               Hex/Air        47%        N/A       1%          5
l - Eringya's Noxious Bo  Tmut/Pois      47%        N/A       1%          6
Your spell library was empty.

Dungeon Overview and Level Annotations

Branches:
Dungeon (14/15)            Temple (1/1) D:7            Lair (6/6) D:10
 Shoals (0/4) Lair:4        Snake (0/4) Lair:3        Slime (0/5) Lair:6
    Orc (0/2) D:10         Vaults (0/5) D:14          IceCv (visited)

Altars:
Ashenzari
Cheibriados
Hepliaklqana
Qazlal
Ru
Trog
Uskayaw
Xom
Yredelemnul
Jiyva

Shops:
D:8 *

Portals:
Trove: D:10 (give +6 demon trident)

Annotations:
Lair:4 1 runed translucent door, spiderkeys's ghost, journeyman OgAK
Lair:6 1 runed translucent door


Innate Abilities, Weirdness & Mutations

You are immune to sickness and miasma.
You are immune to poison.
Your flesh is very heat resistant. (rF++)
You are vulnerable to cold. (rC-)
You cannot study or use magical devices.
You are hated by all.
You cannot train Armour skill.
You are slightly weak-willed. (Will-)
You are somewhat unskilled. (-1 Apt)
You float through the air rather than walking.
You learn spells naturally, not from books.
Your magical power is your life essence.
You have superior vitality. (+4 MHP)


Message History

The manticore flicks its tail.
The volley of spikes hits you.
The barbed spikes become lodged in your body.
You focus your inner power and illuminate the manticore in retribution!
The vault guard hits your fulminant prism with a +0 halberd!!
Your fulminant prism explodes!
The blast of energy engulfs the manticore!!
The manticore is heavily wounded.
The blast of energy engulfs the vault guard!!!
The vault guard is heavily wounded.
The blast of energy engulfs the yaktaur!!
The yaktaur is heavily wounded.
The blast of energy engulfs the centaur warrior!!
The centaur warrior is heavily wounded.
You hear a bark!
You hear an angry hiss.
You hear a deafening roar!
You hear an angry hiss. x3; You hear a deafening roar!
You hear a shout!
You hear an angry hiss.
The barbs in your skin will harm you if you move.
Continue? [Y]es or [N]o only, please.
The barbs in your skin will harm you if you move.
Continue?
The barbed spikes dig painfully into your body as you move.
The barbed spikes dig painfully into your body as you move.
The death knight shouts!
The wraith hits you.
The barbed spikes dig painfully into your body as you move.
The wraith barely misses you. The wraith attacks as you move away!
The wraith closely misses you.
The barbed spikes dig painfully into your body as you move.
The centaur warrior wields a +0 longbow.
The centaur warrior shoots an arrow.
The arrow hits you!!
* * * LOW HITPOINT WARNING * * *
The wraith attacks as you move away! The wraith hits you.
* * * LOW HITPOINT WARNING * * *
The wraith drains your vigour!
You feel yourself slow down.
The barbed spikes dig painfully into your body as you move.
* * * LOW HITPOINT WARNING * * *
The death knight begins to pray, but is stunned by your conviction!
There is a stone staircase leading up here.
The centaur warrior shoots an arrow.
The arrow hits you!
You die...

#..#. .#... #....
.....# #....#
##..^..#
#.....###......#
#......#.......#
#..............#
#..............#
#......@.......#
#......W.......#
#..............#
#.......D......##
##................ #
#......H.......... ..
..###....p......p....
..
.....cc.............
.. #.......##........
..


You could see a death knight, an eight-headed hydra, a vault guard, 2 centaur
warriors, a manticore (corona) and a wraith.

Vanquished Creatures
  Nessos (Lair:6)
  2 fire dragons (Lair:6)
  6 hydras
  3 boulder beetles
  2 ironbound frosthearts (IceCv)
  A tengu warrior (D:14)
  A centaur warrior (D:13)
  An anaconda (Lair:5)
  15 death yaks
  5 two-headed ogres
  Lodul (D:13)
  A swamp dragon (Lair:6)
  A lindwurm (Lair:6)
  2 deep elf pyromancers
  An ugly thing (D:13)
  3 slime creatures (D:13)
  An oklob plant (Lair:4)
  An ice statue (IceCv)
  A merfolk siren (Lair:4)
  An elephant (Lair:3)
  7 torpor snails
  14 black mambas
  Maggie (D:7)
  13 cane toads
  2 gargoyles (D:11)
  An unseen horror (D:13)
  9 komodo dragons
  A tengu conjurer (D:14)
  9 rime drakes
  Grinder (D:6)
  3 trolls
  13 polar bears
  34 blink frogs
  6 hornets (Lair:6)
  4 tyrant leeches (Lair:6)
  13 dream sheep
  A vampire (D:11)
  A centaur simulacrum (D:12)
  A shadow (D:11)
  6 wyverns
  7 basilisks
  66 yaks
  2 wraiths
  5 steam dragons
  4 vampire mosquitoes (D:10)
  Menkaure (D:4)
  4 nagas (Lair:3)
  4 wargs (D:11)
  4 acid dragons
  13 water moccasins
  4 black bears
  A sky beast (D:7)
  A swamp drake (D:10)
  13 orc warriors
  2 ogres (D:13)
  25 wolves
  A phantom (D:5)
  3 centaurs
  4 kobold brigands
  21 bullfrogs
  A gnoll sergeant (D:11)
  4 scorpions
  10 wights
  8 killer bees
  5 howler monkeys
  An electric eel (D:11)
  2 jellies
  17 orc priests
  A gnoll shaman (D:6)
  9 hounds
  10 iguanas
  22 orc wizards
  12 hell rats
  16 gnolls
  10 adders
  A white imp (D:6)
  2 worms
  3 dart slugs
  66 orcs
  2 endoplasms
  2 giant cockroaches (D:6)
  2 goblins (D:4)
  7 hobgoblins
  6 jackals
  22 kobolds
  3 quokkas
  7 ball pythons
  5 bats
  A frilled lizard (D:2)
  2 rats (D:1)
  6 fulminant prisms
  3 toadstools (D:13)
643 creatures vanquished.

Vanquished Creatures (others)
  An orc wizard (D:7)
  243 fulminant prisms
  44 fungi
  71 plants
  2 toadstools (D:13)
361 creatures vanquished.

Grand Total: 1004 creatures vanquished

Notes
Turn   | Place    | Note
-------+----------+-------------------------------------------
     0 | D:1      | ders the Djinni Conjurer began the quest for the Orb.
     0 | D:1      | Reached XP level 1. HP: 15/15 MP: 0/0
   109 | D:1      | Reached XP level 2. HP: 9/21 MP: 0/0
   440 | D:1      | Found a faded altar of an unknown god.
   910 | D:1      | Reached XP level 3. HP: 22/25 MP: 0/0
   910 | D:1      | Learned a level 1 spell: Shock
  1080 | D:2      | Reached skill level 4 in Spellcasting
  1127 | D:2      | Reached XP level 4. HP: 26/31 MP: 0/0
  1888 | D:3      | Reached XP level 5. HP: 32/35 MP: 0/0
  1888 | D:3      | Learned a level 2 spell: Corpse Rot
  2239 | D:3      | Reached skill level 5 in Spellcasting
  2622 | D:3      | Identified the +1 hunting sling of the Sugar Beet {freeze,
                  | rC+}
  2892 | D:4      | Noticed Menkaure
  2902 | D:4      | Killed Menkaure
  2903 | D:4      | Reached XP level 6. HP: 17/40 MP: 0/0
  3359 | D:4      | Reached skill level 6 in Spellcasting
  3761 | D:5      | Entered Level 5 of the Dungeon
  3768 | D:5      | Reached XP level 7. HP: 29/45 MP: 0/0
  3768 | D:5      | Learned a level 2 spell: Static Discharge
  4335 | D:5      | Reached skill level 7 in Spellcasting
  4341 | D:5      | Reached XP level 8. HP: 35/50 MP: 0/0
  4686 | D:5      | Reached skill level 8 in Spellcasting
  5916 | D:6      | Found a basalt altar of Yredelemnul.
  5957 | D:6      | Reached XP level 9. HP: 44/55 MP: 0/0
  5957 | D:6      | Learned a level 4 spell: Sticky Flame
  6501 | D:6      | Reached skill level 9 in Spellcasting
  6593 | D:6      | Noticed Grinder
  6825 | D:6      | Killed Grinder
  7534 | D:6      | Found a stormy altar of Qazlal.
  7574 | D:7      | Noticed Maggie
  7860 | D:7      | Reached skill level 10 in Spellcasting
  8152 | D:7      | Reached XP level 10. HP: 52/60 MP: 0/0
  8323 | D:7      | Reached skill level 11 in Spellcasting
  8434 | D:7      | Paralysed by Maggie for 5 turns
  8448 | D:7      | Killed Maggie
  8803 | D:7      | Found a staircase to the Ecumenical Temple.
  8811 | Temple   | Entered the Ecumenical Temple
  8945 | Temple   | Became a worshipper of Ru the Awakened
  9288 | D:8      | Found Tehut's Assorted Antiques.
  9297 | D:8      | Bought a potion of curing for 69 gold pieces
  9297 | D:8      | Bought a scroll labelled BUMUFI LYXAICEYL for 23 gold
                  | pieces
  9481 | D:8      | Reached skill level 12 in Spellcasting
  9916 | D:9      | Gained mutation: You cannot study or use magical devices.
                  | [Ru sacrifice]
  9916 | D:9      | Reached * piety under Ru
  9916 | D:9      | Reached ** piety under Ru
 10313 | D:9      | Identified the +7 long sword of Magnificence {protect,
                  | Contam rPois rCorr Str+2}
 10372 | D:9      | Reached XP level 11. HP: 58/65 MP: 0/0
 10372 | D:9      | Learned a level 4 spell: Airstrike
 11190 | D:10     | Entered Level 10 of the Dungeon
 11353 | D:10     | Found a portal to a secret trove of treasure.
 11560 | D:10     | Reached skill level 13 in Spellcasting
 11815 | D:10     | Found a staircase to the Lair.
 11971 | D:10     | Found a staircase to the Orcish Mines.
 12137 | Lair:1   | Entered Level 1 of the Lair of Beasts
 12151 | Lair:1   | Gained mutation: You are somewhat unskilled. (-1 Apt) [Ru
                  | sacrifice]
 12151 | Lair:1   | Reduced skill Spellcasting to level 12
 12151 | Lair:1   | Reached *** piety under Ru
 12380 | Lair:1   | Found a frozen archway.
 12389 | IceCv    | Entered an ice cave
 12396 | IceCv    | Reached skill level 13 in Spellcasting
 12468 | IceCv    | Reached XP level 12. HP: 66/70 MP: 0/0
 12524 | IceCv    | Noticed a death yak
 12534 | IceCv    | Noticed a death yak
 12541 | IceCv    | Noticed a death yak
 12546 | IceCv    | Killed a death yak
 12561 | IceCv    | Killed a death yak
 12561 | IceCv    | Killed a death yak
 12621 | IceCv    | Identified the +2 broad axe of the Inferno {drain, Contam
                  | rN++ Dex+3}
 12824 | IceCv    | Reached skill level 14 in Spellcasting
 13035 | IceCv    | Noticed a death yak
 13039 | IceCv    | Noticed a death yak
 13054 | IceCv    | Noticed an ironbound frostheart
 13057 | IceCv    | Killed a death yak
 13057 | IceCv    | Noticed a death yak
 13060 | IceCv    | Killed an ironbound frostheart
 13062 | IceCv    | Noticed an ironbound frostheart
 13071 | IceCv    | Killed an ironbound frostheart
 13074 | IceCv    | Killed a death yak
 13084 | IceCv    | Reached XP level 13. HP: 27/75 MP: 0/0
 13084 | IceCv    | Learned a level 5 spell: Silence
 13299 | IceCv    | Reached skill level 15 in Spellcasting
 14732 | Lair:2   | Gained mutation: You are hated by all. [Ru sacrifice]
 14732 | Lair:2   | Reached **** piety under Ru
 14826 | Lair:2   | Reached skill level 16 in Spellcasting
 15600 | Lair:3   | Reached XP level 14. HP: 70/80 MP: 0/0
 16136 | Lair:3   | Found a staircase to the Snake Pit.
 16564 | Lair:4   | Gained mutation: You cannot train Armour skill. [Ru
                  | sacrifice]
 16564 | Lair:4   | Reached ***** piety under Ru
 16704 | Lair:4   | Found a runed translucent door.
 16705 | Lair:4   | Noticed spiderkeys's ghost (journeyman OgAK)
 16750 | Lair:4   | Reached skill level 17 in Spellcasting
 16911 | Lair:4   | Found a staircase to the Shoals.
 18184 | Lair:5   | Reached XP level 15. HP: 41/85 MP: 0/0
 18184 | Lair:5   | Learned a level 6 spell: Eringya's Noxious Bog
 18309 | Lair:5   | Gained mutation: You are slightly weak-willed. (Will-) [Ru
                  | sacrifice]
 18309 | Lair:5   | Reached ****** piety under Ru
 18515 | Lair:6   | Entered Level 6 of the Lair of Beasts
 18584 | Lair:6   | Reached skill level 18 in Spellcasting
 19374 | Lair:6   | Found a runed translucent door.
 19378 | Lair:6   | Found a staircase to the Slime Pits.
 19575 | Lair:6   | Noticed Nessos
 19611 | Lair:6   | Killed Nessos
 20002 | Lair:6   | Found a runed translucent door.
 20507 | Lair:6   | Identified a scroll of acquirement
 20507 | Lair:6   | Acquired the amulet "Ejinkus" {Acrobat rElec Regen+ Stlth+}
 21215 | D:11     | Reached skill level 19 in Spellcasting
 22599 | D:13     | Reached XP level 16. HP: 77/90 MP: 0/0
 23005 | D:13     | Noticed Lodul
 23011 | D:13     | Killed Lodul
 23341 | D:14     | Found a gate to the Vaults.
 23351 | D:14     | Shot with an arrow by a centaur warrior

Illustrated notes

Levels and vault maps discovered:
D:1:      co_arrival_random_square_maze, layout_rooms, basic_ecumenical_altar,
          serial_park_tiny_pond, nicolae_concentric_dashed_squares_wild
D:2:      layout_basic, nrook_mini_vaults
D:3:      layout_loops_ring
D:4:      layout_rooms, uniq_menkaure
D:5:      cheibrodos_barr_body, layout_basic, serial_rivers,
          chequers_serial_rivers_room_a, chequers_serial_rivers_micro_b,
          chequers_serial_rivers_room_a, chequers_serial_rivers_room_a,
          chequers_serial_rivers_small_b
D:6:      layout_loops_cross, kennysheep_mini_moat,
          mainiacjoe_overflow_brackets, gup_sewer_entry_glass, uniq_grinder
D:7:      layout_rooms, minmay_temple_entry_overgrown, uniq_maggie
D:8:      layout_gridville, serial_shops, nicolae_stop_n_shop_1
D:9:      layout_layer_cave, kennysheep_generic_room_12
D:10:     layout_loops_cross, lair_entry_dummy, erik_orc_1,
          nicolae_trove_entry_crossroad, palyth_stone_intersect
D:11:     layout_loops_ring, nooodl_orcs_dogs
D:12:     layout_loops_ring, serial_glass, glass_columns_c, glass_columns_c,
          glass_columns_a, glass_columns_a, glass_columns_b, glass_columns_c,
          glass_columns_a, glass_columns_b, glass_columns_a, glass_columns_a
D:13:     layout_loops_ring, minmay_misc_feat_four_crosses,
          minmay_gold_behind_fungi, uniq_lodul
D:14:     layout_gridville, lightli_vaults_fourway_checkpoint,
          hangedman_decor_slide_cut, special_room [special_room_mythical_zoo],
          minmay_fractal_squares_gapless_5
Temple:   mainiacjoe_temple_big_plus
Lair:1:   layout_small_grid, portal_ice_cave_rime
Lair:2:   layout_long_grid, grunt_megastairs_4
Lair:3:   layout_regular_city, minmay_snake_entry_guardpost_medium,
          minmay_shattered_shrine, lemuel_fruit_fields,
          infiniplex_staircase_pool
Lair:4:   layout_cellular_growth, minmay_shoals_entry_lonely_mermaid,
          gammafunk_ghost_grave, grunt_megastairs_3
Lair:5:   layout_cellular_growth, chequers_serial_rivers_micro_c,
          nicolae_lair_lakeside_cave
Lair:6:   wormcave, layout_small_grid, guppyfry_lair_end_dragon, slime_altar_2,
          st_stairs_12, lemuel_fruit_tree, uniq_nessos

Skill      XL: |  1  2  3  4  5  6  7  8  9 10 11 12 13 14 15 |
---------------+----------------------------------------------+-----
Spellcasting   | 4 5 6 7 8 10 12 13 14 16 17 19 | 19.4
Dodging        | |  2.0
Stealth        | |  1.4

Action                   |  1- 3 |  4- 6 |  7- 9 | 10-12 | 13-15 | 16-18 || total
-------------------------+-------+-------+-------+-------+-------+-------++-------
Melee: Unarmed           |       |     1 |       |       |       |       ||     1
       Morningstar       |       |       |       |       |    27 |       ||    27
 Fire: Hunting sling     |       |    12 |     6 |       |       |       ||    18
 Cast: Magic Dart        |    49 |    59 |    96 |    26 |     1 |       ||   231
       Searing Ray       |       |    10 |    21 |    11 |     1 |       ||    43
       Fulminant Prism   |       |     1 |    42 |   105 |    94 |     7 ||   249
       Iskenderun's Myst |       |       |     8 |    16 |    72 |     7 ||   103
       Dazzling Flash    |       |       |     2 |     1 |     2 |       ||     5
       Sticky Flame      |       |       |     1 |       |       |       ||     1
       Shock             |       |       |       |     2 |       |       ||     2
       Corpse Rot        |       |       |       |     1 |       |       ||     1
       Airstrike         |       |       |       |    88 |   436 |    33 ||   557
       Eringya's Noxious |       |       |       |       |     5 |       ||     5
       Silence           |       |       |       |       |     2 |       ||     2
Invok: Sacrifice Artific |       |       |       |     1 |       |       ||     1
       Sacrifice Skill   |       |       |       |     1 |       |       ||     1
       Sacrifice Love    |       |       |       |       |     1 |       ||     1
       Sacrifice Durabil |       |       |       |       |     1 |       ||     1
       Power Leap        |       |       |       |       |     1 |     1 ||     2
       Apocalypse        |       |       |       |       |     1 |     1 ||     2
       Sacrifice Essence |       |       |       |       |     1 |       ||     1
  Use: Scroll            |       |       |    11 |     5 |    11 |       ||    27
       Potion            |       |       |     1 |     1 |     8 |       ||    10
 Stab: Invisible         |       |       |       |       |     5 |       ||     5
Armor: Robe              |       |     3 |    27 |     1 |       |       ||    31
       Acid dragon scale |       |       |       |     8 |       |       ||     8
       Ice dragon scales |       |       |       |       |    54 |     1 ||    55
       Skin              |       |       |       |       |    27 |       ||    27
Dodge: Dodged            |     4 |    16 |    48 |    21 |    42 |     5 ||   136

Table legend: (Time is in decaauts)
 A = Elapsed time spent in this place.
 B = Non-inter-level travel time spent in this place.
 C = Inter-level travel time spent in this place.
 D = Time resting spent in this place.
 E = Time spent auto-exploring this place.
 F = Levels seen in this place.
 G = Mean time per level.
                   A        B        C        D        E       F      G
               +--------+--------+--------+--------+--------+-----+--------+
         Total |  23394 |  21950 |   1444 |   4229 |  14473 |  22 | 1063.4 |
       Dungeon |  14625 |  13721 |    904 |   3205 |   8878 |  14 | 1044.6 |
        Temple |    164 |    124 |     40 |      0 |    121 |   1 |  164.0 |
          Lair |   7467 |   6968 |    499 |    723 |   5079 |   6 | 1244.5 |
      Ice Cave |   1137 |   1137 |      0 |    301 |    395 |   1 | 1137.0 |
               +--------+--------+--------+--------+--------+-----+--------+

Top non-repeatable levels by time:
     D:5: 2320 daAuts
     D:6: 1931 daAuts
  Lair:6: 1868 daAuts
  Lair:3: 1296 daAuts
  Lair:1: 1275 daAuts
     D:9: 1261 daAuts
  Lair:5: 1185 daAuts
   IceCv: 1137 daAuts
     D:4: 1106 daAuts
    D:10: 1074 daAuts
     D:1: 1074 daAuts
     D:2: 989 daAuts
    D:11: 987 daAuts
  Lair:4: 977 daAuts
  Lair:2: 863 daAuts
